General information
- name: BNet
- type: Ladder team game (AT/RT)
- host: Battle.net
- saver: RettoRuhrohlord
map: FullScaleAssault
- players: 8
- length: 24:49
- speed: Fast
- version: 1.26 W3XP
- replay type: Public
» download(205 KB)
Players
team 1 (loser)
mouth2mouth (
pink | 58 APM | 1410 actions | 24:29)
6 Mountain King
3 Storm Bolt
2 Bash
1 Avatar
» actions
Assign group hotkey | 290 | |
Basic commands | 105 | |
Build / train | 80 | |
Enter build submenu | 31 | |
Enter hero's abilities submenu | 6 | |
Give item / drop item | 1 | |
Right click | 339 | |
Select / deselect | 294 | |
Select group hotkey | 200 | |
Use ability | 64 | |
1410 total
» units
Peasant | 18 | |
Footman | 6 | |
Rifleman | 4 | |
Goblin Shredder | 1 | |
Priest | 10 | |
Knight | 6 | |
Dragonhawk Rider | 13 | |
58 total
» upgrades
Plating | 3 | |
Priest Training | 2 | |
Masonry | 1 | |
Swords | 3 | |
Animal War Training | 1 | |
Armor | 2 | |
12 total
» buildings
Altar of Kings | 1 | |
Barracks | 3 | |
Farm | 12 | |
Blacksmith | 1 | |
Keep | 1 | |
Town Hall | 1 | |
Lumber Mill | 1 | |
Castle | 1 | |
Arcane Sanctum | 1 | |
Gryphon Aviary | 3 | |
Arcane Vault | 1 | |
26 total
» build order
00:12 Altar of Kings
00:13 Barracks
00:32 Farm
01:09 Farm
01:47 Farm
02:26 Farm
03:01 Blacksmith
03:23 Farm
04:18 Keep
04:20 Farm
06:28 Town Hall
07:42 Lumber Mill
07:46 Castle
07:49 Arcane Sanctum
10:32 Barracks
10:48 Barracks
12:00 Farm
12:01 Farm
12:51 Farm
12:53 Farm
14:02 Farm
14:05 Farm
15:36 Gryphon Aviary
15:39 Gryphon Aviary
16:58 Arcane Vault
21:12 Gryphon Aviary
RettoRuhrohlord (
yellow | 139 APM | 3446 actions | 24:49)
6 Blood Mage
1 Banish
3 Flame Strike
1 Siphon Mana
1 Summon Phoenix
» actions
Assign group hotkey | 220 | |
Basic commands | 308 | |
Build / train | 151 | |
ESC pressed | 2 | |
Enter build submenu | 41 | |
Enter hero's abilities submenu | 8 | |
Give item / drop item | 4 | |
Remove unit from queue | 4 | |
Right click | 1237 | |
Select / deselect | 697 | |
Select group hotkey | 627 | |
Use ability | 140 | |
3446 total
» units
Peasant | 33 | |
Footman | 5 | |
Goblin Zeppelin | 4 | |
Goblin Shredder | 6 | |
Flying Machine | 29 | |
Mortar Team | 6 | |
Siege Engine | 1 | |
84 total
» upgrades
Masonry | 2 | |
Gunpowder | 3 | |
Armor | 2 | |
Swords | 1 | |
Plating | 2 | |
Flak Cannons | 3 | |
Fragmentation Shards | 2 | |
Flare | 1 | |
Barrage | 1 | |
Lumber Harvesting | 1 | |
Magic Sentry | 1 | |
19 total
» buildings
Barracks | 1 | |
Farm | 12 | |
Altar of Kings | 1 | |
Lumber Mill | 2 | |
Arcane Vault | 1 | |
Town Hall | 3 | |
Blacksmith | 2 | |
Scout Tower | 33 | |
Keep | 1 | |
Guard Tower | 12 | |
Castle | 1 | |
Workshop | 4 | |
Arcane Sanctum | 1 | |
Arcane Tower | 2 | |
76 total
» build order
00:22 Barracks
00:34 Farm
00:35 Farm
00:50 Altar of Kings
02:04 Farm
02:12 Farm
02:34 Lumber Mill
02:52 Farm
04:51 Arcane Vault
04:58 Town Hall
05:06 Blacksmith
05:08 Blacksmith
05:52 Farm
05:53 Farm
05:56 Farm
06:05 Scout Tower
06:05 Scout Tower
06:07 Scout Tower
06:07 Scout Tower
07:35 Keep
08:19 Guard Tower
08:19 Guard Tower
08:21 Scout Tower
08:21 Scout Tower
08:33 Farm
08:51 Farm
09:03 Guard Tower
09:33 Scout Tower
09:34 Scout Tower
09:35 Scout Tower
10:23 Guard Tower
10:56 Town Hall
10:58 Scout Tower
11:00 Scout Tower
11:00 Scout Tower
11:00 Scout Tower
11:01 Scout Tower
11:02 Scout Tower
11:02 Scout Tower
11:02 Scout Tower
11:04 Scout Tower
11:04 Scout Tower
11:04 Scout Tower
11:06 Castle
11:34 Guard Tower
12:04 Guard Tower
12:41 Guard Tower
12:49 Workshop
12:51 Workshop
13:26 Workshop
13:26 Workshop
13:35 Lumber Mill
14:57 Town Hall
17:22 Scout Tower
17:23 Scout Tower
17:23 Scout Tower
17:23 Scout Tower
17:24 Scout Tower
17:25 Scout Tower
17:27 Arcane Sanctum
18:19 Guard Tower
19:16 Guard Tower
19:44 Farm
19:44 Farm
20:37 Scout Tower
20:38 Scout Tower
20:39 Scout Tower
22:48 Arcane Tower
22:48 Arcane Tower
23:59 Guard Tower
» items
Lesser Clarity Potion | 5 | |
Scroll of Regeneration | 5 | |
Scroll of Town Portal | 1 | |
Boots of Speed | 1 | |
Staff of Teleportation | 1 | |
Potion of Healing | 2 | |
15 total

»
chronox19 (
red | 56 APM | 1207 actions | 21:30)
5 Archmage
2 Blizzard
2 Brilliance Aura
1 Summon Water Elemental
» actions
Assign group hotkey | 36 | |
Build / train | 88 | |
Enter build submenu | 20 | |
Enter hero's abilities submenu | 6 | |
Give item / drop item | 1 | |
Right click | 572 | |
Select / deselect | 272 | |
Select group hotkey | 172 | |
Use ability | 40 | |
1207 total
» units
Peasant | 35 | |
Mortar Team | 11 | |
Flying Machine | 13 | |
59 total
» upgrades
Gunpowder | 3 | |
Fragmentation Shards | 1 | |
Flare | 1 | |
Flak Cannons | 1 | |
Plating | 2 | |
8 total
» buildings
Farm | 12 | |
Altar of Kings | 1 | |
Blacksmith | 1 | |
Lumber Mill | 1 | |
Arcane Vault | 1 | |
Keep | 2 | |
Castle | 1 | |
Workshop | 2 | |
21 total
» build order
00:06 Farm
00:09 Altar of Kings
00:54 Farm
01:18 Farm
01:34 Farm
02:37 Farm
02:44 Blacksmith
02:49 Lumber Mill
03:21 Farm
04:13 Arcane Vault
04:16 Farm
04:18 Farm
04:21 Keep
04:57 Farm
06:54 Castle
07:06 Workshop
07:08 Workshop
10:41 Farm
10:43 Farm
10:44 Farm
» items
Scroll of Regeneration | 3 | |
Mechanical Critter | 4 | |
Potion of Healing | 1 | |
Scroll of Town Portal | 1 | |
9 total

»
Deaths-Head-SS (
teal | 22 APM | 537 actions | 24:25)
4 Far Seer
2 Feral Spirit
2 Chain Lighting
2 Shadow Hunter
1 Hex
1 Serpent Ward
» actions
Assign group hotkey | 11 | |
Basic commands | 15 | |
Build / train | 66 | |
Enter build submenu | 16 | |
Enter hero's abilities submenu | 8 | |
Give item / drop item | 2 | |
Right click | 214 | |
Select / deselect | 138 | |
Select group hotkey | 31 | |
Use ability | 36 | |
537 total
» units
Peon | 9 | |
Grunt | 8 | |
Troll Headhunter/Berserker | 12 | |
Goblin Zeppelin | 1 | |
Goblin Shredder | 1 | |
31 total
» upgrades
Pillage | 1 | |
Armor | 3 | |
Ranged Weapons | 3 | |
Melee Weapons | 3 | |
Troll Regeneration | 1 | |
Berserker Strength | 1 | |
Reinforced Defenses | 1 | |
Berserker Upgrade | 1 | |
Spiked Barricades | 1 | |
15 total
» buildings
Orc Burrow | 6 | |
Altar of Storms | 1 | |
War Mill | 1 | |
Voodoo Lounge | 1 | |
Barracks | 1 | |
Watch Tower | 3 | |
Stronghold | 1 | |
Fortress | 1 | |
Great Hall | 2 | |
17 total
» build order
00:23 Orc Burrow
00:33 Altar of Storms
01:12 War Mill
01:20 Voodoo Lounge
01:40 Orc Burrow
02:34 Barracks
04:25 Orc Burrow
04:32 Watch Tower
05:40 Watch Tower
05:52 Stronghold
07:33 Watch Tower
09:25 Fortress
12:34 Great Hall
13:08 Orc Burrow
13:46 Orc Burrow
15:19 Orc Burrow
22:50 Great Hall
» items
Healing Salve | 2 | |
Lesser Clarity Potion | 3 | |
Orb of Lightning | 1 | |
Potion of Healing | 2 | |
Scroll of Town Portal | 1 | |
Scroll of Speed | 1 | |
10 total
team 2 (winner)

»
FrozenTrauma (
purple | 50 APM | 1234 actions | 24:49)
6 Demon Hunter
3 Mana Burn
2 Evasion
1 Metamorphosis
6 Priestess of the Moon
3 Trueshot Aura
1 Scout
1 Searing Arrows
1 Starfall
5 Beastmaster
2 Summon Quilbeast
3 Summon Hawk
» actions
Assign group hotkey | 23 | |
Basic commands | 11 | |
Build / train | 84 | |
ESC pressed | 7 | |
Enter build submenu | 17 | |
Enter hero's abilities submenu | 19 | |
Give item / drop item | 8 | |
Right click | 440 | |
Select / deselect | 306 | |
Select group hotkey | 272 | |
Use ability | 47 | |
1234 total
» units
Wisp | 19 | |
Chimaera | 5 | |
Hippogryph | 20 | |
Druid of the Talon | 1 | |
Blue Dragon | 1 | |
46 total
» upgrades
Strength of the Wild | 3 | |
Reinforced Hides | 3 | |
Nature's Blessing | 3 | |
Well Spring | 1 | |
Corrosive Breath | 1 | |
11 total
» buildings
Altar of Elders | 1 | |
Moon Well | 9 | |
Tree of Ages | 1 | |
Hunter's Hall | 1 | |
Tree of Eternity | 1 | |
Tree of Life | 1 | |
Ancient of Wind | 1 | |
Chimaera Roost | 3 | |
18 total
» build order
00:06 Altar of Elders
00:12 Moon Well
02:23 Tree of Ages
02:31 Hunter's Hall
03:35 Moon Well
03:38 Moon Well
04:53 Tree of Eternity
04:58 Tree of Life
06:30 Ancient of Wind
06:33 Moon Well
06:37 Moon Well
08:21 Chimaera Roost
08:23 Chimaera Roost
08:46 Chimaera Roost
08:55 Moon Well
09:00 Moon Well
10:57 Moon Well
11:00 Moon Well
» items
Boots of Speed | 1 | |
Scroll of Town Portal | 2 | |
Rod of Necromancy | 1 | |
Orb of Corruption | 1 | |
5 total
GHETTo_rLYBORED (
blue | 71 APM | 1754 actions | 24:49)
4 Blood Mage
2 Flame Strike
2 Siphon Mana
» actions
Assign group hotkey | 106 | |
Basic commands | 23 | |
Build / train | 106 | |
Enter build submenu | 45 | |
Enter hero's abilities submenu | 7 | |
Give item / drop item | 8 | |
Right click | 756 | |
Select / deselect | 195 | |
Select group hotkey | 369 | |
Use ability | 139 | |
1754 total
» units
Peasant | 19 | |
Goblin Zeppelin | 1 | |
Sorceress | 4 | |
Flying Machine | 5 | |
29 total
» upgrades
Masonry | 3 | |
Lumber Harvesting | 2 | |
Swords | 5 | |
Plating | 3 | |
Armor | 2 | |
Gunpowder | 2 | |
Sorceress Training | 2 | |
Magic Sentry | 1 | |
Flying Machine Bombs | 1 | |
Flak Cannons | 1 | |
22 total
» buildings
Altar of Kings | 1 | |
Farm | 4 | |
Lumber Mill | 2 | |
Scout Tower | 33 | |
Arcane Tower | 3 | |
Arcane Vault | 2 | |
Guard Tower | 16 | |
Town Hall | 1 | |
Keep | 1 | |
Castle | 1 | |
Blacksmith | 1 | |
Arcane Sanctum | 1 | |
Workshop | 4 | |
70 total
» build order
00:20 Altar of Kings
00:36 Farm
01:17 Lumber Mill
01:35 Farm
01:41 Scout Tower
01:41 Scout Tower
02:10 Scout Tower
02:13 Arcane Tower
02:14 Scout Tower
02:32 Arcane Vault
02:46 Scout Tower
02:46 Scout Tower
02:48 Scout Tower
02:49 Scout Tower
02:50 Guard Tower
03:04 Scout Tower
03:17 Arcane Tower
03:18 Scout Tower
03:20 Scout Tower
03:34 Scout Tower
03:48 Guard Tower
03:52 Scout Tower
03:52 Scout Tower
04:05 Scout Tower
04:06 Guard Tower
04:09 Scout Tower
04:18 Guard Tower
04:26 Farm
04:28 Arcane Tower
04:39 Guard Tower
04:39 Guard Tower
04:46 Scout Tower
04:47 Scout Tower
04:53 Guard Tower
04:57 Scout Tower
05:22 Guard Tower
05:27 Scout Tower
05:45 Guard Tower
05:46 Scout Tower
06:00 Scout Tower
06:01 Arcane Vault
06:04 Guard Tower
06:23 Scout Tower
06:40 Scout Tower
06:41 Scout Tower
06:44 Guard Tower
07:25 Town Hall
08:26 Scout Tower
08:27 Keep
08:29 Scout Tower
08:30 Scout Tower
08:41 Guard Tower
09:13 Guard Tower
09:59 Guard Tower
11:01 Castle
11:08 Guard Tower
12:50 Blacksmith
13:11 Guard Tower
14:21 Arcane Sanctum
14:46 Farm
15:50 Workshop
15:50 Workshop
15:52 Workshop
15:52 Workshop
17:39 Lumber Mill
20:42 Scout Tower
20:42 Scout Tower
20:43 Scout Tower
20:43 Scout Tower
20:43 Scout Tower
» items
Lesser Clarity Potion | 5 | |
Scroll of Regeneration | 4 | |
Boots of Speed | 1 | |
Staff of Teleportation | 1 | |
Potion of Invisibility | 8 | |
Potion of Healing | 2 | |
Potion of Mana | 2 | |
Scroll of Healing | 3 | |
Potion of Lesser Invulnerability | 2 | |
28 total
kRuin (
orange | 108 APM | 2686 actions | 24:49)
7 Priestess of the Moon
3 Searing Arrows
3 Trueshot Aura
1 Starfall
» actions
Assign group hotkey | 67 | |
Basic commands | 113 | |
Build / train | 95 | |
ESC pressed | 2 | |
Enter build submenu | 42 | |
Enter hero's abilities submenu | 7 | |
Give item / drop item | 2 | |
Remove unit from queue | 9 | |
Right click | 1205 | |
Select / deselect | 583 | |
Select group hotkey | 453 | |
Use ability | 105 | |
2686 total
» units
Wisp | 41 | |
Archer | 21 | |
Glaive Thrower | 2 | |
Goblin Zeppelin | 1 | |
65 total
» upgrades
Strength of the Moon | 3 | |
Improved Bows | 1 | |
Vorpal Blades | 1 | |
Moon Armor | 3 | |
Nature's Blessing | 1 | |
Marksmanship | 1 | |
10 total
» buildings
Ancient of War | 13 | |
Altar of Elders | 1 | |
Moon Well | 13 | |
Hunter's Hall | 1 | |
Tree of Ages | 1 | |
Tree of Life | 3 | |
Ancient of Wonders | 1 | |
Tree of Eternity | 2 | |
Ancient Protector | 2 | |
37 total
» build order
00:07 Ancient of War
00:11 Altar of Elders
00:33 Moon Well
01:41 Moon Well
02:33 Ancient of War
03:10 Moon Well
03:40 Moon Well
04:09 Ancient of War
04:36 Hunter's Hall
05:08 Tree of Ages
05:18 Tree of Life
06:30 Moon Well
09:24 Ancient of Wonders
09:33 Ancient of War
09:34 Ancient of War
10:15 Tree of Eternity
11:24 Ancient Protector
11:27 Ancient Protector
11:42 Tree of Life
13:42 Tree of Life
13:52 Ancient of War
14:37 Ancient of War
16:17 Moon Well
16:18 Moon Well
16:19 Moon Well
16:19 Moon Well
18:27 Ancient of War
18:31 Ancient of War
18:50 Ancient of War
18:56 Ancient of War
18:57 Ancient of War
19:01 Ancient of War
21:28 Moon Well
21:28 Moon Well
23:59 Moon Well
24:00 Moon Well

»
nick_66 (
green | 30 APM | 756 actions | 24:49)
2 Death Knight
1 Death Coil
1 Unholy Aura
6 Crypt Lord
2 Impale
2 Spiked Carapace
1 Carrion Beetles
1 Locust Swarm
» actions
Assign group hotkey | 10 | |
Basic commands | 31 | |
Build / train | 86 | |
Enter build submenu | 20 | |
Enter hero's abilities submenu | 8 | |
Remove unit from queue | 7 | |
Right click | 229 | |
Select / deselect | 214 | |
Select group hotkey | 108 | |
Use ability | 43 | |
756 total
» units
Acolyte | 10 | |
Ghoul | 8 | |
Crypt Fiend | 4 | |
Frost Wyrm | 23 | |
Gargoyle | 7 | |
52 total
» upgrades
Creature Attack | 3 | |
Creature Carapace | 3 | |
Web | 1 | |
7 total
» buildings
Altar of Darkness | 1 | |
Crypt | 3 | |
Ziggurat | 9 | |
Nerubian Tower | 3 | |
Graveyard | 1 | |
Spirit Tower | 4 | |
Halls of the Dead | 1 | |
Tomb of Relics | 1 | |
Sacrificial Pit | 1 | |
Black Citadel | 1 | |
Boneyard | 3 | |
28 total
» build order
00:15 Altar of Darkness
00:22 Crypt
00:40 Ziggurat
01:16 Ziggurat
01:48 Nerubian Tower
01:57 Graveyard
03:25 Spirit Tower
03:31 Halls of the Dead
05:04 Tomb of Relics
05:45 Ziggurat
05:46 Ziggurat
07:07 Sacrificial Pit
07:21 Ziggurat
07:25 Spirit Tower
07:29 Black Citadel
09:54 Boneyard
09:56 Boneyard
10:56 Boneyard
11:41 Ziggurat
11:43 Ziggurat
11:44 Ziggurat
11:45 Ziggurat
12:43 Spirit Tower
12:43 Nerubian Tower
14:14 Spirit Tower
15:26 Nerubian Tower
22:38 Crypt
23:17 Crypt
» items
Chat log
(00:14 / Allies) mouth2mouth: rush hard
(00:17 / Allies) RettoRuhrohlord: why
(00:55 / All) RettoRuhrohlord: e-Sportsâ„¢
(01:01 / All) RettoRuhrohlord: Thank God for e-Sportsâ„¢.
(01:01 / All) mouth2mouth: SKYPE!?!!?!?! PENOR?!!?!??!
(01:09 / All) GHETTo_rLYBORED: HOW DO I SAVE MY CHARACTER SO I DONT HAVE TO LEVEL IT UP AGAIN NEXT GAME
(01:17 / All) mouth2mouth: ALT F FOUR
(01:17 / All) RettoRuhrohlord: wrong game you idiot
(01:19 / All) RettoRuhrohlord: go play CoD
(01:21 / All) RettoRuhrohlord: if you want a real RPG
(01:26 / All) kRuin: i tried that once
(01:30 / All) mouth2mouth: ANY! WANNA PLAY WITH MY PET DRAGOn
(01:33 / All) kRuin: people were too good
(01:44 / All) kRuin: i had to quit
(01:48 / Allies) mouth2mouth: what
(01:49 / All) mouth2mouth: WHAT???
(01:52 / All) RettoRuhrohlord: average Xbox Live game on CoD
(01:53 / All) RettoRuhrohlord: is like
(01:55 / All) RettoRuhrohlord: world-class Quake 3
(02:06 / All) kRuin: i used to be a professional quake player
(02:15 / All) kRuin: but i was shamed off of xbox live
(02:21 / All) kRuin: by the incredible trick shots
(02:21 / All) RettoRuhrohlord: lol owned
(02:24 / All) kRuin: that were being performed
(02:29 / All) GHETTo_rLYBORED: I HEARD COD IS A TERRIBLE FRANCHISE IS IT TRUE?
(02:35 / All) RettoRuhrohlord: um
(02:40 / All) RettoRuhrohlord: whomever said that is an idiot
(02:41 / Allies) RettoRuhrohlord: what about it pink
(02:48 / Allies) mouth2mouth: twering
(02:55 / Allies) RettoRuhrohlord: oh
(02:56 / Allies) RettoRuhrohlord: hmmm
(03:17 / All) kRuin: omg just said allied champion
(03:24 / All) kRuin: this game copied league of legends
(03:29 / All) RettoRuhrohlord: haha
(03:31 / All) RettoRuhrohlord: what a ripoff
(03:31 / All) mouth2mouth: any1 lik to get sucked off
(03:46 / All) RettoRuhrohlord: not while i play this game
(03:48 / All) RettoRuhrohlord: need to focus
(03:54 / All) mouth2mouth: oh lol
(03:56 / All) kRuin: wow shitty pathing
(04:00 / All) kRuin: riot in charge of balance
(04:11 / All) RettoRuhrohlord: lol
(05:11 / All) RettoRuhrohlord: teelo
(05:15 / All) RettoRuhrohlord: do you really want to get into a macro game with me
(05:17 / All) GHETTo_rLYBORED: sup ghetto
(05:19 / All) GHETTo_rLYBORED: yes
(05:23 / All) RettoRuhrohlord: your funeral
(05:30 / Allies) RettoRuhrohlord: going workshop tech
(05:32 / All) GHETTo_rLYBORED: i play for fun â„¢
(05:32 / Allies) mouth2mouth: who has mass siege?
(05:37 / Allies) RettoRuhrohlord: I got.
(06:48 / Allies) RettoRuhrohlord: what you buying pink
(07:10 / Allies) mouth2mouth: ty
(07:12 / Allies) RettoRuhrohlord: np
(07:24 / Allies) mouth2mouth: what units u goign tank
(07:29 / Allies) RettoRuhrohlord: whatever we need from gyro
(07:32 / Allies) RettoRuhrohlord: and i can switch from there
(07:32 / Allies) mouth2mouth: i need lumber
(07:43 / Allies) mouth2mouth: ty baby
(07:46 / Allies) RettoRuhrohlord: np
(07:53 / Allies) mouth2mouth: ill get priest for inner fire
(08:01 / Allies) mouth2mouth: teal r u noob?
(08:12 / Allies) RettoRuhrohlord: this is RT
(08:14 / Allies) RettoRuhrohlord: who ISN'T noob?
(08:31 / Allies) mouth2mouth: teal hasnt left base
(08:40 / Allies) RettoRuhrohlord: don't worry
(08:42 / Allies) RettoRuhrohlord: those watch towers
(08:45 / Allies) RettoRuhrohlord: will kill any stray animals
(08:47 / Allies) RettoRuhrohlord: which wander by
(09:39 / Allies) RettoRuhrohlord: noted
(09:39 / Allies) mouth2mouth: what
(09:45 / Allies) RettoRuhrohlord: he's teching and i'll wreck it
(11:38 / Allies) mouth2mouth: help
(12:35 / Allies) mouth2mouth: flare trhe area
(12:38 / Allies) mouth2mouth: red falre
(13:10 / Allies) mouth2mouth: flare
(13:39 / All) mouth2mouth: nooob?
(13:49 / All) RettoRuhrohlord: i told you
(13:50 / All) RettoRuhrohlord: This is RT
(13:52 / All) RettoRuhrohlord: EVERYONE IS NOOB
(13:58 / All) GHETTo_rLYBORED: its true
(14:01 / All) RettoRuhrohlord: Random Team.
(14:04 / Allies) mouth2mouth: o lol
(14:17 / All) kRuin: if ur tired of noob allies go back to LoL
(14:22 / Allies) mouth2mouth: what is lol
(14:25 / Allies) RettoRuhrohlord: League of Legends.
(14:31 / All) mouth2mouth: oh i dk hat
(14:38 / Allies) RettoRuhrohlord: He's joking.
(14:51 / Allies) mouth2mouth: back
(14:52 / All) kRuin: is best game
(16:06 / Allies) RettoRuhrohlord: We're fine.
(16:13 / Allies) mouth2mouth: we need A
(16:15 / Allies) mouth2mouth: AA
(16:20 / All) mouth2mouth: EVERY! GET AA
(16:29 / All) GHETTo_rLYBORED: k
(17:04 / Allies) mouth2mouth: guys
(17:07 / Allies) RettoRuhrohlord: it's fine
(17:09 / Allies) RettoRuhrohlord: switching to mortar
(17:14 / Allies) RettoRuhrohlord: canceled out air advantage
(17:15 / Allies) RettoRuhrohlord: mortar wins now
(17:36 / Allies) chronox19: give gold
(17:38 / Allies) chronox19: or spend
(17:59 / Allies) mouth2mouth: we fucked?
(18:01 / Allies) RettoRuhrohlord: neg
(18:03 / Allies) RettoRuhrohlord: we're fine.
(18:04 / Allies) chronox19: no
(18:07 / Allies) chronox19: those knights will own
(18:10 / Allies) mouth2mouth: not against air
(18:11 / Allies) chronox19: come to my base when they hit
(18:16 / Allies) chronox19: i have aa
(18:16 / Allies) mouth2mouth: i have no tp
(18:43 / Allies) RettoRuhrohlord: they're taking their time
(18:51 / Allies) mouth2mouth: hit and run?
(19:02 / Allies) mouth2mouth: LOL
(19:03 / Allies) RettoRuhrohlord: should go at them
(19:07 / Allies) mouth2mouth: me?
(19:11 / Allies) RettoRuhrohlord: three of us
(19:15 / Allies) mouth2mouth: k
(19:23 / Allies) mouth2mouth: me first
(20:24 / Allies) mouth2mouth: fuck
(20:37 / Allies) mouth2mouth: kngiht or dragon ahw
(20:41 / Allies) RettoRuhrohlord: hawk
(20:45 / Allies) mouth2mouth: we gonna loose
(20:46 / All) mouth2mouth: gg
(20:58 / Allies) mouth2mouth: moey me
(21:00 / All) mouth2mouth: gg
(21:01 / Allies) Deaths-Head-SS: fuck off cunt
(21:04 / All) GHETTo_rLYBORED: lol what?
(21:05 / Allies) mouth2mouth: money me
(21:26 / Allies) Deaths-Head-SS: of course we lose
(21:28 / All) mouth2mouth: GG
(21:30 / Allies) RettoRuhrohlord: um
(21:32 / All) kRuin: l0l u so n00b get out
(21:33 / Allies) Deaths-Head-SS: loser ass whores
(21:36 / All) RettoRuhrohlord: random insults only work on xbox live
(21:39 / All) RettoRuhrohlord: where the real athletes perform
(21:47 / All) kRuin: ur m0m only works on xbox live
(21:54 / Allies) mouth2mouth: teal r u playing?
(21:57 / All) GHETTo_rLYBORED: yeah and she gets paid $1000 an hour for it
(22:04 / Allies) Deaths-Head-SS: die dogshit
(22:08 / Allies) Deaths-Head-SS: noob fucking cunts
(22:11 / All) mouth2mouth: gg
(23:17 / Allies) mouth2mouth: GET POTM
(23:19 / Allies) Deaths-Head-SS: die dogshit
(23:28 / Allies) Deaths-Head-SS: like the noob fucking cunts you are
(23:32 / All) RettoRuhrohlord: teal
(23:34 / All) RettoRuhrohlord: you're like ten
(23:35 / All) RettoRuhrohlord: stop
(24:20 / Allies) Deaths-Head-SS: you cunts make me puke\
(24:23 / All) mouth2mouth: gg
(24:28 / All) RettoRuhrohlord: lol
(24:30 / All) RettoRuhrohlord: teal was hilarious
(24:47 / All) RettoRuhrohlord: his mom really shouldn't let him be up this late
(24:48 / All) RettoRuhrohlord: ggs